 Dungeon Crawl Stone Soup version 0.31-a0-960-g0fca184906 (webtiles) character file.

Game seed: 16287420697549427342

2015571 Flugkiller the Executioner (level 26, 223/223 HPs)
             Began as a Formicid Cinder Acolyte on Oct 23, 2023.
             Was the Champion of Cheibriados.
             Escaped with the Orb
             ... and 3 runes!
             The game lasted 01:11:13 (45805 turns).

Flugkiller the Executioner (FoCA)                  Turns: 45805, Time: 01:11:13

Health: 223/223    AC: 44    Str: 38    XL:     26   Next: 83%
Magic:  27/32      EV: 21    Int: 31    God:    Cheibriados [******]
Gold:   4718       SH: 31    Dex: 22    Spells: 29/37 levels left

rFire   + + +        i - +9 executioner's axe (freeze)
rCold   . . .        j - +8 tower shield {AC+3}
rNeg    + . .        M - +10 pearl dragon scales "Hexyodab" {rF+ rN+ Slay+2}
rPois   +            (helmet unavailable)
rElec   +            u - +2 cloak {rPois}
rCorr   .            D - +1 pair of gloves of the Dozen Eyes {rC++ Regen+ Str-4 SInv}
SInv    +            h - +2 pair of boots {Fly}
Will    ++...        Y - amulet of regeneration
Stlth   +            e - +4 ring of protection
HPRegen 2.17/turn    a - ring of the Puckish God {Fire rElec Stlth+}
MPRegen 0.23/turn

%: no passive effects
@: flying, studying 3 skills, very slow
A: permanent stasis, dig shafts and tunnels, antennae 3, four strong arms,
talons 1, clumsy 1, deterioration 1, fire resistance 2, weak 1, cold
vulnerability 1
0: Orb of Zot
}: 3/15 runes: serpentine, barnacled, silver
a: Dig, Shaft Self, Renounce Religion, Bend Time, Temporal Distortion, Slouch,
Step From Time


You escaped.
You worshipped Cheibriados.
Cheibriados was exalted by your worship.
You visited 10 branches of the dungeon, and saw 47 of its levels.
You visited 1 bazaar.
You also visited: Ossuary, Gauntlet, Wizlab and Desolation.

You collected 8873 gold pieces.
You spent 4155 gold pieces at shops.

Inventory:

Hand Weapons
 i - a +9 executioner's axe of freezing (weapon)
   (You subdued it on level 2 of the Elven Halls)
Missiles
 y - a curare-tipped dart (quivered)
 Z - 2 throwing nets
Armour
 h - a +2 pair of boots of flying (worn)
   (You found it on level 5 of the Lair of Beasts)
 j - a +8 tower shield of protection (worn)
   (You took it off a naga warrior on level 2 of the Snake Pit)
 m - a +2 cloak of stealth
   (You bought it in a shop on level 2 of the Dungeon)
 u - a +2 cloak of poison resistance (worn)
   (You bought it in a shop on level 2 of the Orcish Mines)
 D - the +1 pair of gloves of the Dozen Eyes (worn) {rC++ Regen+ Str-4 SInv}
   (You found it on level 13 of the Dungeon)

   Str-4:     It affects your strength (-4).
   rC++:      It greatly protects you from cold.
   SInv:      It lets you see invisible.
   Regen+:    It increases your rate of health regeneration.
 M - the +10 pearl dragon scales "Hexyodab" (worn) {rF+ rN+ Slay+2}
   (You bought it in a shop on level 2 of the Dungeon)

   Slay+2:    It affects your accuracy & damage with ranged weapons and melee
   (+2).
   rF+:       It protects you from fire.
   rN+:       It protects you from negative energy.
Jewellery
 a - the ring of the Puckish God (right hand) {Fire rElec Stlth+}
   (You found it on level 10 of the Dungeon)

   [ring of fire]

   Fire:      It enhances your fire magic.
   rF+:       It protects you from fire.
   rC-:       It makes you vulnerable to cold.
   rElec:     It insulates you from electricity.
   Stlth+:    It makes you more stealthy.
 e - a +4 ring of protection (left hand)
   (You found it on level 5 of the Lair of Beasts)
 p - a ring of protection from cold
   (You found it on level 8 of the Dungeon)
 L - a +4 ring of protection
   (You found it in a Gauntlet)
 Y - an amulet of regeneration (around neck)
   (You took it off a naga on level 4 of the Snake Pit)
Wands
 l - a wand of roots (27)
   (You found it on level 11 of the Dungeon)
 x - a wand of acid (21)
   (You found it on level 3 of the Shoals)
 A - a wand of digging (23)
   (You found it on level 9 of the Dungeon)
 G - a wand of mindburst (58)
   (You found it on level 11 of the Dungeon)
 P - a wand of paralysis (76)
   (You found it in a Gauntlet)
Scrolls
 c - 10 scrolls of fog
 g - 7 scrolls of vulnerability
 k - 4 scrolls of silence
 H - 2 scrolls of poison
 I - 2 scrolls of torment
 N - 4 scrolls of summoning
 O - 9 scrolls of fear
 R - a scroll of brand weapon
 U - 7 scrolls of immolation
Potions
 d - 9 potions of might
 f - 4 potions of attraction
 o - 4 potions of brilliance
 q - 22 potions of curing
 t - 3 potions of mutation
 w - 7 potions of heal wounds
 E - 6 potions of magic
 K - a potion of cancellation
 S - 6 potions of enlightenment
 T - 5 potions of invisibility
Miscellaneous
 b - a phantom mirror
   (You found it on level 10 of the Dungeon)
 z - a condenser vane
   (You found it on level 7 of the Dungeon)
 J - a box of beasts
   (You found it on level 2 of the Lair of Beasts)
 V - a phial of floods
   (You found it on level 14 of the Dungeon)


   Skills:
 + Level 21.6 Fighting
 - Level 24.0 Axes
 - Level 16.3 Armour
 - Level 15.0 Dodging
 - Level 20.0 Shields
 - Level 6.0 Spellcasting
 - Level 15.0 Translocations
 - Level 3.0 Fire Magic
 - Level 12.0 Invocations
 - Level 6.0 Evocations


You had 29 spell levels left.
You knew the following spells:

 Your Spells              Type           Power      Damage    Failure   Level
a - Scorch                Fire           82%        2d8       4%          2
b - Lesser Beckoning      Tloc           100%       N/A       1%          2
c - Manifold Assault      Tloc           80%        N/A       1%          4

Your spell library contained the following spells:

 Spells                   Type           Power      Damage    Failure   Level
 Apportation              Tloc           100%       N/A       1%          1
 Momentum Strike          Conj/Tloc      100%       3d10      1%          2
 Gell's Gravitas          Tloc           80%        N/A       1%          3
 Teleport Other           Tloc           80%        N/A       1%          3
 Passage of Golubria      Tloc           80%        N/A       1%          4
 Dispersal                Tloc           40%        N/A       3%          6
 Kiss of Death            Conj/Necr      36%        2d8       11%         1
 Necrotise                Necr           36%        1d5       11%         1
 Sandblast                Erth           18%        2d7       11%         1
 Slow                     Hex            36%        N/A       11%         1
 Sting                    Tmut/Pois      36%        1d4       11%         1
 Summon Small Mammal      Summ           36%        N/A       11%         1
 Cigotuvi's Dreadful Rot  Necr/Pois/Air  18%        N/A       17%         2
 Passwall                 Tmut/Erth      7%         N/A       17%         2
 Poisonous Vapours        Pois/Air       18%        N/A       17%         2
 Static Discharge         Conj/Air       18%        3-4/arc   17%         2
 Sublimation of Blood     Necr           9%         N/A       17%         2
 Wereblood                Tmut           9%         N/A       17%         2
 Inner Flame              Hex/Fire       27%        N/A       19%         3
 Ignite Poison            Fire/Tmut/Pois 23%        N/A       22%         3
 Call Canine Familiar     Summ           9%         N/A       32%         3
 Confusing Touch          Hex            9%         N/A       32%         3
 Frozen Ramparts          Ice            18%        1d3       32%         3
 Ozocubu's Armour         Ice            9%         N/A       32%         3
 Sigil of Binding         Hex            9%         N/A       32%         3
 Stone Arrow              Conj/Erth      18%        3d8       32%         3
 Summon Guardian Golem    Hex/Summ       9%         N/A       32%         3
 Vampiric Draining        Necr           9%         2d6       32%         3
 Flame Wave               Conj/Fire      27%        2d9       52%         4
 Sticky Flame             Conj/Fire      27%        2d5       52%         4
 Airstrike                Air            4%         2d(1-17)  73%         4
 Animate Armour           Summ/Erth      18%        N/A       73%         4
 Animate Dead             Necr           9%         N/A       73%         4
 Brom's Barrelling Bould  Conj/Erth      9%         2d3       73%         4
 Dispel Undead            Necr           9%         3d8       73%         4
 Fulminant Prism          Conj/Hex       4%         3d5       73%         4
 Leda's Liquefaction      Hex/Erth       4%         N/A       73%         4
 Olgreb's Toxic Radiance  Pois           9%         N/A       73%         4
 Petrify                  Tmut/Erth      9%         N/A       73%         4
 Summon Lightning Spire   Summ/Air       9%         N/A       73%         4
 Disjunction              Tloc           40%        N/A       83%         8
 Fireball                 Conj/Fire      13%        3d7       86%         5
 Agony                    Necr           9%         N/A       97%         5
 Freezing Cloud           Conj/Ice/Air   4%         6-21      97%         5
 Irradiate                Conj/Tmut      4%         3d13      97%         5
 Iskenderun's Battlesphe  Conj           9%         2d6       97%         5
 Lee's Rapid Deconstruct  Erth           4%         3d5*      97%         5
 Metabolic Englaciation   Hex/Ice        4%         N/A       97%         5
 Silence                  Hex/Air        4%         N/A       97%         5
 Yara's Violent Unravell  Hex/Tmut       4%         3d4       97%         5
 Bombard                  Conj/Erth      4%         9d2       100%        6
 Conjure Ball Lightning   Conj/Air       4%         3x3d6     100%        6
 Plasma Beam              Fire/Air       13%        2x1d24    100%        6
 Starburst                Conj/Fire      13%        6d6       100%        6
 Enfeeble                 Hex            4%         N/A       100%        7
 Haunt                    Necr/Summ      4%         N/A       100%        7
 Orb of Destruction       Conj           4%         9d5       100%        7
 Ozocubu's Refrigeration  Ice            4%         4d8       100%        7
 Summon Hydra             Summ           4%         N/A       100%        7
 Ignition                 Fire           20%        3d7       100%        8
 Infestation              Necr           4%         N/A       100%        8
 Lehudib's Crystal Spear  Conj/Erth      4%         10d3      100%        8
 Summon Horrible Things   Summ           4%         N/A       100%        8
 Chain Lightning          Conj/Air       4%         3d6       100%        9
 Fire Storm               Conj/Fire      13%        8d4       100%        9
 Shatter                  Erth           4%         3d8*      100%        9
 Blink                    Tloc           Unusable   N/A       N/A         2

Dungeon Overview and Level Annotations

Branches:
Dungeon (15/15)            Temple (1/1) D:5            Lair (5/5) D:8
 Shoals (4/4) Lair:3        Snake (4/4) Lair:3        Slime (0/5) Lair:4
    Orc (2/2) D:9             Elf (2/3) Orc:2        Vaults (5/5) D:14
  Crypt (0/3) Vaults:2     Depths (4/4) D:15            Zot (5/5) Depths:4
Ossuary (visited)          WizLab (visited)         Desolation (visited)
Gauntlet (visited)

Altars:
Ashenzari
Cheibriados
Dithmenos
Elyvilon
Fedhas
Gozag
Hepliaklqana
Kikubaaqudgha
Makhleb
Nemelex Xobeh
Okawaru
Qazlal
Ru
Sif Muna
Trog
Uskayaw
Vehumet
Wu Jian
Xom
Yredelemnul
Zin
The Shining One

Shops:
D:2 [   D:9 :   D:14 *   D:15 *   Orc:1 :   Orc:2 [==[:   Elf:2 !   Shoals:1 *[
Shoals:2 =   Shoals:4 *?   Snake:1 [   Snake:4 =   Vaults:2 :   Vaults:4 *[
Depths:4 ?(

Portals:
Hell: Lair:5 Depths:1 Depths:3 Depths:4
Abyss: Depths:1 Depths:4

Annotations:
D:15 Roxanne
Temple 2 transporters
Lair:2 1 runed translucent door, JaaP's ghost, journeyman MiFi
Lair:3 exclusion: 4 oklob plants
Lair:4 exclusion: 2 oklob plants
Snake:3 exclusion: oklob plant
Zot:2 1 transporter
Zot:4 2 transporters, exclusion: obsidian statue


Innate Abilities, Weirdness & Mutations

You cannot be hasted, slowed, berserked, paralysed or teleported.
You can dig through walls and to a lower floor.
You have a pair of large antennae on your head. (SInv)
Your four strong arms can wield two-handed weapons with a shield.
You have sharp toenails.
You are clumsy. (Dex -2)
Your body sometimes deteriorates upon taking damage.
Your flesh is very heat resistant. (rF++)
You are weak. (Str -2)
You are vulnerable to cold. (rC-)


Message History

You see here 3 stones.
There is a stone staircase leading up here.
You fly upwards.
There is a stone staircase leading down here.
You see here 3 poisoned darts.
There is a stone staircase leading up here.
You fly upwards.
There is a stone staircase leading down here.
There is a stone staircase leading up here.
You fly upwards.
There is a stone staircase leading down here.
There is a stone staircase leading up here.
You fly upwards.
There is a stone staircase leading down here.
There is a stone staircase leading up here.
You fly upwards.
There is a stone staircase leading down here.
An angel comes into view. It is wielding a +2 whip of holy wrath.
There is a stone staircase leading up here.
You fly upwards.
There is a stone staircase leading down here.
There is a stone staircase leading up here.
You fly upwards.
There is a stone staircase leading down here.
An Executioner comes into view.
The Executioner gestures.
The Executioner seems to speed up.
You block the Executioner's attack. x2
The Executioner misses you. You block the Executioner's attack.
The Executioner completely misses you. x2; You block the Executioner's attack.
The Executioner closely misses you. You block the Executioner's attack.
You cut the Executioner into ribbons!!! You freeze the Executioner.
The Executioner is severely wounded.
The Executioner hits you! You block the Executioner's attack. x2
The Executioner completely misses you. You block the Executioner's attack.
The Executioner hits you but does no damage.
You carve the Executioner like a ham!!! You freeze the Executioner.
You kill the Executioner!
Cheibriados thoroughly appreciates the change of pace.
No target in view!
HP restored.
An angel comes into view. It is wielding a +3 whip of holy wrath.
You block the angel's attack. x2
The angel barely misses you. You block the angel's attack. x3
There is a stone staircase leading up here.
You block the angel's attack. x2
You fly upwards.
There is a stone staircase leading down here.
You carve the angel like a ham!!! You freeze the angel!
The angel is heavily wounded.
You block the angel's attack. x2
You slice the angel!! You freeze the angel!
The angel is severely wounded.
The angel gestures.
The angel is healed somewhat.
You barely miss the angel.
The angel is severely wounded.
The angel gestures.
The angel is healed somewhat.
The angel hits you but does no damage. You block the angel's attack.
You closely miss the angel.
The angel is heavily wounded.
The angel gestures.
The angel is healed somewhat.
You slash the angel! You freeze the angel.
The angel is heavily wounded.
The angel gestures.
The angel is healed somewhat.
You closely miss the angel.
The angel is heavily wounded.
The angel misses you. You block the angel's attack.
You slice the angel!! You freeze the angel.
The angel is severely wounded.
You hear a roar!
You block the angel's attack. x2
You miss the angel.
The angel is severely wounded.
The angel gestures.
The angel is healed somewhat.
A Brimstone Fiend comes into view.
Casting: Manifold Assault (safe; 1% risk of failure)
Confirm with . or Enter, or press ? or * to list all spells.
Space momentarily warps into an impossible shape!
You cut the Brimstone Fiend into ribbons!!!
You freeze the Brimstone Fiend! You cut the angel into ribbons!!!
You freeze the angel!
You kill the angel!
Cheibriados thoroughly appreciates the change of pace.
Casting: Manifold Assault (safe; 1% risk of failure)
Confirm with . or Enter, or press ? or * to list all spells.
Space momentarily warps into an impossible shape!
You completely miss the Brimstone Fiend.
Casting: Manifold Assault (safe; 1% risk of failure)
Confirm with . or Enter, or press ? or * to list all spells.
Space momentarily warps into an impossible shape!
You slice the Brimstone Fiend!! You freeze the Brimstone Fiend!
You kill the Brimstone Fiend!
Cheibriados appreciates the change of pace.
There is a staircase leading out of the dungeon here.
Enter note: gg You have escaped!

##.####......................#...
.#.# #..#######.#######..##.#...
...# #....####...####...........
#### ##.....#..~..#.....#.###...
#8..~....~....~..8#....)..
##...~..~~~..~...##....>..
##.....~~~~~~~.....#.##....
#....~~~~...~~~~.....##....
#..~~~~~..@..~~~~~......... ##
#....~~~~...~~~~........... .#
##.....~~~~~~~.....#....... .#
##...~..~~~..~...##....... .#
#8..~....~....~..8#.###.## .#
##.....#..~..#.....#....... .#
#....####...####....####.##
.######..#######.## ###..##...##
..............#.†### ####..)...


There were no monsters in sight!

Vanquished Creatures
  A dread lich (Zot:5)
  7 orbs of fire (Zot:5)
  Vashnia (Snake:2)
  Bai Suzhen (Shoals:3)
  Boris (Vaults:5)
  3 Killer Klowns (Zot:5)
  Margery (Vaults:4)
  5 golden dragons
  A pandemonium lord (D:14)
  3 electric golems (Zot:5)
  A Brimstone Fiend (D:1)
  A hellephant (D:9)
  6 tentacled monstrosities
  An Ice Fiend (Depths:4)
  29 Orb Guardians
  A lich (Vaults:5)
  Asterion (Elf:2)
  3 quicksilver dragons
  3 titans
  6 sphinxes
  An Executioner (D:2)
  9 death cobs
  Agnes (D:15)
  A kraken (Shoals:4)
  Frances (Shoals:2)
  Polyphemus (Shoals:2)
  10 nagarajas
  7 storm dragons
  Donald (Shoals:3)
  5 shadow dragons
  A draconian monk (Zot:1)
  3 tengu reavers
  3 fire giants
  2 draconian knights
  2 iron dragons (Vaults:5)
  An imperial myrmidon (Desolation)
  5 frost giants
  11 vault wardens
  3 deep elf sorcerers
  6 draconian stormcallers
  2 angels
  A balrug (D:14)
  3 draconian shifters
  3 orc warlords
  A formless jellyfish (Vaults:2)
  Louise (D:15)
  4 demonspawn corrupters (WizLab)
  A spriggan defender (Depths:1)
  A draconian annihilator (Zot:3)
  14 ironbound preservers
  3 war gargoyles
  A vampire knight (Depths:1)
  5 very ugly things
  11 stone giants
  7 black draconians
  5 green draconians
  3 red draconians
  8 ironbound thunderhulks
  4 yellow draconians
  10 dire elephants
  2 halazid warlocks (Desolation)
  A minotaur (Gauntlet)
  3 deep elf demonologists
  3 purple draconians
  8 spark wasps
  A crystal guardian (Desolation)
  An ettin (shapeshifter) (Vaults:5)
  An eidolon (Vaults:2)
  A deep elf death mage (Vaults:5)
  A white draconian (Zot:1)
  6 fire dragons
  5 merfolk javelineers
  8 ettins
  Josephine (D:11)
  6 merfolk impalers
  A deep elf high priest (WizLab)
  9 ragged hierophants (Desolation)
  10 yaktaur captains
  5 entropy weavers
  11 servants of whispers
  A rakshasa (Depths:1)
  A salamander tyrant (Snake:4)
  5 ice dragons
  Erolcha (Orc:2)
  3 hydras
  4 catoblepae
  7 great orbs of eyes
  2 ogre magi
  A spriggan air mage (Depths:1)
  10 peacekeepers (Desolation)
  31 vault guards
  15 centaur warriors
  15 ironbound frosthearts
  7 merfolk aquamancers
  A merfolk avatar (Shoals:4)
  12 anacondas
  8 boulder beetles
  4 two-headed ogres
  3 deep troll shamans
  2 satyrs
  22 dancing weapons
  11 naga warriors
  Urug (Lair:3)
  2 alligator snapping turtles
  4 tengu warriors
  2 vampire magi
  7 death yaks
  30 naga sharpshooters
  The ghost of heinrich the Thaumaturge, a journeyman OpVM of Vehumet (D:14)
  The ghost of DEFE the Cleaver, a novice DsFi of Okawaru (D:10)
  7 occultists
  2 orc high priests
  2 spriggan berserkers (Depths:1)
  12 shock serpents
  7 hell knights
  A sun demon (Depths:4)
  12 deep elf knights
  2 iron trolls (Depths:4)
  4 salamander mystics
  A skyshark (Lair:3)
  2 sixfirhies
  A death drake (shapeshifter) (Vaults:5)
  A shadow demon (D:9)
  8 sea snakes
  A swamp dragon (shapeshifter) (Vaults:5)
  34 deep trolls
  2 glowing orange brains
  7 deep elf archers
  8 arcanists
  11 naga ritualists
  6 lindwurms
  2 spriggan druids (WizLab)
  5 phantasmal warriors
  15 ironbound convokers
  8 orc knights
  17 harpies
  8 necromancers
  24 deep elf pyromancers
  26 deep elf zephyrmancers
  15 mana vipers
  19 ugly things
  5 cyclopes
  8 manticores
  4 orc sorcerers (Orc:2)
  A salamander (shapeshifter) (Depths:1)
  2 worldbinders (WizLab)
  20 salamanders
  10 fauns
  13 elephants
  12 merfolk sirens
  6 moths of wrath
  A torpor snail (shapeshifter) (Vaults:4)
  5 torpor snails
  31 black mambas
  5 water nymphs
  A rust devil (Zot:3)
  14 guardian serpents
  4 molten gargoyles
  A smoke demon (Depths:1)
  16 vault sentinels
  18 naga magi
  13 cane toads
  2 kobold demonologists (D:12)
  5 rime drakes
  2 freezing wraiths (Vaults:2)
  15 komodo dragons
  22 yaktaurs
  2 gargoyles
  A tormentor (Zot:4)
  2 tengu conjurers
  6 ice devils
  5 trolls
  4 wind drakes
  4 hellwings
  4 polar bears (Lair:1)
  4 meliai
  A meliai (shapeshifter) (Elf:1)
  20 merfolk
  78 saltlings
  Grinder (D:4)
  12 snapping turtles
  23 blink frogs
  2 dream sheep (Shoals:3)
  37 slime creatures
  2 jumping spiders (Vaults:3)
  An air elemental (Elf:2)
  3 centaur simulacra
  9 water elementals
  2 shadows
  38 yaks
  An unseen horror simulacrum (D:10)
  17 humans (D:14)
  4 wyverns
  11 fire elementals
  4 wraiths
  2 steam dragons
  A chaos spawn (Depths:1)
  4 vampire mosquitoes
  A neqoxec (D:9)
  2 basilisks
  44 nagas
  2 acid dragons
  4 hell hounds (Lair:5)
  12 water moccasins
  A meliai simulacrum (D:14)
  4 sky beasts
  4 ice beasts (D:10)
  4 black bears
  26 orc warriors
  25 wolves
  12 ogres
  10 centaurs
  A kobold brigand (D:7)
  Blork the orc (D:4)
  10 bullfrogs
  2 elf zombies (Ossuary)
  5 scorpions
  2 gnoll sergeants
  4 earth elementals (Elf:1)
  18 wights
  3 killer bees (D:10)
  9 howler monkeys
  A centaur zombie (Ossuary)
  A hound (D:4)
  2 jellies
  27 orc priests
  2 gnoll boudas
  A sleepcap (D:5)
  7 iguanas
  37 orc wizards
  2 mummies (Ossuary)
  Robin (D:3)
  7 adders
  19 gnolls
  5 white imps
  7 ufetubi
  2 adder zombies (Ossuary)
  A worm (D:3)
  3 dart slugs
  69 orcs
  6 endoplasms
  12 goblins
  13 hobgoblins
  7 jackals
  4 quokkas
  6 ball pythons
  5 bats
  A frilled lizard (D:3)
  2 goblin zombies (Ossuary)
  7 hobgoblin zombies (Ossuary)
  A jackal zombie (Ossuary)
  15 kobolds
  12 kobold zombies (Ossuary)
  7 orc zombies (Ossuary)
  2 rats
  2 rat zombies (Ossuary)
  A spectral weapon (Zot:5)
  A tentacle (Shoals:4)
1851 creatures vanquished.

Vanquished Creatures (collateral kills)
  Rupert (Lair:3)
  A cane toad (Lair:3)
  A water moccasin (Lair:3)
3 creatures vanquished.

Vanquished Creatures (others)
  Ilsuiw (Shoals:2)
  A draconian shifter (Zot:5)
  A draconian stormcaller (Zot:5)
  A deep elf high priest (WizLab)
  2 deep elf knights (Elf:2)
  A hell knight (Vaults:4)
  2 deep elf zephyrmancers
  A black mamba (Snake:1)
  A human (D:3)
  14 foxfires (D:4)
  3 tentacles (Shoals:4)
28 creatures vanquished.

Grand Total: 1882 creatures vanquished

Notes
Turn   | Place    | Note
-------+----------+-------------------------------------------
     0 | D:1      | Flugkiller the Formicid Cinder Acolyte began the quest for
                  | the Orb.
     0 | D:1      | Reached XP level 1. HP: 18/18 MP: 2/2
   130 | D:1      | Reached XP level 2. HP: 3/25 MP: 3/3
   324 | D:1      | Reached XP level 3. HP: 30/30 MP: 4/4
   343 | D:1      | Learned a level 2 spell: Scorch
   659 | D:1      | Reached skill level 1 in Armour
   722 | D:2      | Reached XP level 4. HP: 31/37 MP: 5/5
  1241 | D:2      | Found Remeq's Armour Shop.
  1604 | D:3      | Reached skill level 4 in Axes
  1940 | D:3      | Reached XP level 5. HP: 42/43 MP: 6/6
  2049 | D:3      | Noticed Robin
  2078 | D:3      | Killed Robin
  2253 | D:3      | Found an ancient bone altar of Kikubaaqudgha.
  2347 | D:3      | Noticed a human
  2349 | D:3      | Killed a human
  2534 | D:4      | Noticed Blork the orc
  2534 | D:4      | Noticed Grinder
  2534 | D:4      | Noticed an ogre
  2692 | D:4      | Reached skill level 5 in Fighting
  2692 | D:4      | Reached skill level 1 in Shields
  2692 | D:4      | Reached XP level 6. HP: 5/51 MP: 7/7
  2904 | D:4      | Killed Blork the orc
  2905 | D:4      | Reached skill level 5 in Axes
  2944 | D:4      | Killed Grinder
  2945 | D:4      | Reached XP level 7. HP: 16/56 MP: 8/8
  3103 | D:4      | Gained mutation: You are vulnerable to heat. (rF-) [potion
                  | of mutation]
  3103 | D:4      | Gained mutation: You possess an exceptional clarity of
                  | mind. [potion of mutation]
  3103 | D:4      | Gained mutation: You are somewhat resistant to further
                  | mutation. [potion of mutation]
  3104 | D:4      | Lost mutation: You are vulnerable to heat. (rF-) [potion of
                  | mutation]
  3104 | D:4      | Lost mutation: You possess an exceptional clarity of mind.
                  | [potion of mutation]
  3104 | D:4      | Lost mutation: You are somewhat resistant to further
                  | mutation. [potion of mutation]
  3104 | D:4      | Gained mutation: Your muscles are strong. (Str +4, Int/Dex
                  | -1) [potion of mutation]
  3104 | D:4      | Gained mutation: You occasionally lose the ability to read
                  | scrolls when taking damage. [potion of mutation]
  3104 | D:4      | Gained mutation: You are agile. (Dex +4, Str/Int -1)
                  | [potion of mutation]
  3162 | D:4      | Lost mutation: You are agile. (Dex +4, Str/Int -1) [potion
                  | of mutation]
  3162 | D:4      | Lost mutation: You occasionally lose the ability to read
                  | scrolls when taking damage. [potion of mutation]
  3162 | D:4      | Gained mutation: Your flesh is heat resistant. (rF+)
                  | [potion of mutation]
  3162 | D:4      | Gained mutation: Your flesh is very heat resistant. (rF++)
                  | [potion of mutation]
  3162 | D:4      | Gained mutation: You passively map a small area around you.
                  | [potion of mutation]
  3408 | D:4      | Found a sacrificial altar of Ru.
  3708 | D:4      | Reached skill level 13 in Axes
  3708 | D:4      | Reached XP level 8. HP: 64/64 MP: 9/9
  3709 | D:4      | Reached skill level 14 in Axes
  3709 | D:4      | Reached XP level 9. HP: 76/76 MP: 10/10
  3730 | D:5      | Entered Level 5 of the Dungeon
  3760 | D:4      | Reached XP level 10. HP: 54/83 MP: 11/11
  4143 | D:5      | Found a staircase to the Ecumenical Temple.
  4521 | D:5      | Found a glowing silver altar of Zin.
  5461 | D:6      | Reached skill level 15 in Axes
  5781 | D:7      | Found a sand-covered staircase.
  5786 | Ossuary  | Entered an ossuary
  6718 | D:8      | Reached skill level 1 in Evocations
  6724 | D:8      | Noticed a komodo dragon
  6738 | D:8      | Killed a komodo dragon
  6739 | D:8      | Noticed a komodo dragon
  6754 | D:8      | Killed a komodo dragon
  6755 | D:8      | Reached XP level 11. HP: 70/89 MP: 12/12
  6797 | D:8      | Reached skill level 5 in Evocations
  7115 | D:8      | Reached skill level 5 in Armour
  7390 | D:8      | Found a staircase to the Lair.
  7621 | D:9      | Reached skill level 5 in Shields
  7681 | D:9      | Found Bokyway's Vocational Training.
  7810 | D:9      | Found a hide-covered altar of Uskayaw.
  7857 | D:9      | Found a bloodstained altar of Trog.
  7892 | D:9      | Found a staircase to the Orcish Mines.
  8117 | D:9      | Reached skill level 10 in Fighting
  8345 | D:10     | Entered Level 10 of the Dungeon
  8412 | D:10     | Found a runed translucent gate.
  8413 | D:10     | Found a runed translucent gate.
  8416 | D:10     | Found a runed translucent gate.
  8519 | D:10     | Found an ornate altar of the Wu Jian Council.
  8520 | D:10     | Found a glowing golden altar of the Shining One.
  8622 | D:10     | Identified the +1 leather armour of Vokhli {rF+}
  8669 | D:10     | Noticed DEFE's ghost (novice DsFi)
  8910 | D:10     | Noticed a two-headed ogre
  8925 | D:10     | Killed a two-headed ogre
  9547 | D:11     | Noticed a boulder beetle
  9556 | D:11     | Killed a boulder beetle
  9557 | D:11     | Reached XP level 12. HP: 98/98 MP: 13/13
  9605 | D:11     | Noticed a boulder beetle
  9618 | D:11     | Killed a boulder beetle
  9873 | D:11     | Noticed a boulder beetle
  9894 | D:11     | Killed a boulder beetle
 10305 | D:11     | Found a glowing golden altar of the Shining One.
 10324 | D:11     | Noticed Josephine
 10338 | D:11     | Killed Josephine
 10673 | Temple   | Found a transporter.
 10673 | Temple   | Found a transporter.
 10673 | Temple   | Found a transporter.
 10673 | Temple   | Found a transporter.
 10673 | Temple   | Entered the Ecumenical Temple
 10685 | Temple   | Fell from the grace of Ignis
 10685 | Temple   | Became a worshipper of Cheibriados the Contemplative
 10771 | Lair:1   | Entered Level 1 of the Lair of Beasts
 11058 | Lair:1   | Reached * piety under Cheibriados
 11367 | Lair:1   | Reached skill level 16 in Axes
 11375 | Lair:1   | Reached ** piety under Cheibriados
 11376 | Lair:1   | Reached XP level 13. HP: 60/106 MP: 14/14
 11615 | Lair:1   | Reached skill level 1 in Invocations
 11622 | Lair:1   | Found the +3 salamander hide armour {Flames, rFlCloud rF++
                  | rC--}
 11636 | Lair:1   | Reached skill level 1 in Dodging
 12711 | Lair:2   | Reached *** piety under Cheibriados
 13055 | Lair:2   | Was forgiven by Ignis
 13200 | Lair:2   | Reached skill level 10 in Shields
 13335 | Lair:2   | Found a runed translucent door.
 13338 | Lair:2   | Noticed JaaP's ghost (journeyman MiFi)
 13518 | Lair:3   | Noticed Rupert
 13538 | Lair:3   | Killed Rupert
 13577 | Lair:3   | Reached **** piety under Cheibriados
 13620 | Lair:3   | Found a gate leading to a gauntlet.
 13627 | Gauntlet | Entered a Gauntlet
 13627 | Gauntlet | Found a transporter.
 13634 | Gauntlet | Found a transporter.
 13636 | Gauntlet | Found a transporter.
 13647 | Gauntlet | Found a transporter.
 13650 | Gauntlet | Found a transporter.
 13659 | Gauntlet | Found a transporter.
 13674 | Gauntlet | Noticed a catoblepas
 13677 | Gauntlet | Found a transporter.
 13690 | Gauntlet | Found a transporter.
 13703 | Gauntlet | Found a transporter.
 13715 | Gauntlet | Found a transporter.
 13729 | Gauntlet | Found a transporter.
 13729 | Gauntlet | Found a transporter.
 13778 | Gauntlet | Found a transporter.
 13792 | Gauntlet | Found a transporter.
 14036 | Gauntlet | Reached skill level 5 in Invocations
 14051 | Gauntlet | Reached XP level 14. HP: 105/113 MP: 16/21
 14088 | Gauntlet | Identified the amulet "Ceclev" {Faith *Corrode +Inv rPois}
 14105 | Gauntlet | Noticed a minotaur
 14121 | Gauntlet | Killed a minotaur
 14122 | Gauntlet | Reached XP level 15. HP: 84/119 MP: 18/22
 14380 | Lair:3   | Noticed Urug
 14392 | Lair:3   | Killed Urug
 14603 | Lair:3   | Found a staircase to the Snake Pit.
 14616 | Lair:3   | Reached skill level 10 in Invocations
 14663 | Lair:3   | Reached skill level 10 in Armour
 14666 | Lair:3   | Reached ***** piety under Cheibriados
 14733 | Lair:3   | Reached skill level 5 in Dodging
 14744 | Lair:3   | Found a staircase to the Shoals.
 15368 | Lair:4   | Identified a scroll of acquirement
 15684 | Lair:4   | Acquired 907 gold pieces
 16405 | Lair:4   | Found a staircase to the Slime Pits.
 16420 | Lair:5   | Entered Level 5 of the Lair of Beasts
 17195 | Lair:5   | Found a burning altar of Makhleb.
 17243 | Lair:5   | Found a gateway to Hell.
 17680 | D:2      | Bought the +10 pearl dragon scales "Hexyodab" {rF+ rN+
                  | Slay+2} for 1878 gold pieces
 17693 | D:2      | Bought a +1 cloak of stealth for 214 gold pieces
 18062 | Orc:1    | Entered Level 1 of the Orcish Mines
 18336 | Orc:2    | Entered Level 2 of the Orcish Mines
 18336 | Orc:2    | Found a staircase to the Elven Halls.
 18340 | Orc:2    | Noticed Erolcha
 18346 | Orc:2    | Reached XP level 16. HP: 107/126 MP: 23/23
 18359 | Orc:2    | Killed Erolcha
 18663 | Orc:2    | Found Miefruudgh's Armour Shoppe.
 18670 | Orc:2    | Found a radiant altar of Vehumet.
 18768 | Orc:2    | Found Sawa's Jewellery Boutique.
 18768 | Orc:2    | Found Weum's Jewellery Boutique.
 18768 | Orc:2    | Found Beathruth's Armour Shop.
 18778 | Orc:2    | Found Senelull's Book Shop.
 19022 | Orc:2    | Bought a +0 cloak of poison resistance for 119 gold pieces
 19128 | Orc:1    | Found Ekku's Book Emporium.
 19135 | Orc:1    | Reached ****** piety under Cheibriados
 19907 | D:12     | Reached skill level 15 in Shields
 20222 | D:13     | Found a blossoming altar of Fedhas.
 20363 | D:13     | Identified the +1 pair of gloves of the Dozen Eyes {rC++
                  | Regen+ Str-4 SInv}
 20587 | D:13     | Found a blossoming altar of Fedhas.
 20972 | D:14     | Noticed heinrich's ghost (journeyman OpVM)
 20976 | D:14     | Found a runed translucent door.
 20987 | D:14     | Found a broken altar of Ashenzari.
 21052 | D:14     | Noticed Nessos
 21078 | D:14     | Nessos changed into Nessos the meliai
 21078 | D:14     | Noticed Nessos
 21081 | D:14     | Killed Nessos the meliai
 21267 | D:14     | Found Xoonewn's Elemental Accessories.
 21563 | D:14     | Found a gate to the Vaults.
 21718 | D:14     | Reached skill level 17 in Axes
 21906 | D:14     | Killed heinrich's ghost
 21954 | D:15     | Entered Level 15 of the Dungeon
 21954 | D:15     | Noticed Agnes
 21954 | D:15     | Found Wasch's Demolitions Depot.
 21970 | D:15     | Killed Agnes
 21981 | D:15     | Reached XP level 17. HP: 81/135 MP: 22/24
 22087 | D:15     | Identified the +1 ring mail "Sinokh" {rN++ Str+2 Dex-4}
 22188 | D:15     | Noticed Roxanne
 22495 | D:15     | Found a staircase to the Depths.
 22589 | D:15     | Noticed Louise
 22600 | D:15     | Killed Louise
 22601 | D:15     | Reached skill level 10 in Dodging
 22905 | Snake:1  | Entered Level 1 of the Snake Pit
 22910 | Snake:1  | Found Ucyrish's Antique Armour Boutique.
 22934 | Snake:1  | Bought a jewelled plate armour for 728 gold pieces
 22934 | Snake:1  | Identified the +0 plate armour of the Will of the Gods
                  | {Contam rPois Dex+4} (You bought it in a shop on level 1 of
                  | the Snake Pit)
 23422 | Snake:1  | Learned a level 2 spell: Lesser Beckoning
 23427 | Snake:1  | Learned a level 4 spell: Manifold Assault
 23504 | Snake:2  | Reached skill level 18 in Axes
 23516 | Snake:2  | Reached skill level 1 in Translocations
 23920 | Snake:2  | Noticed Vashnia
 23959 | Snake:2  | Killed Vashnia
 24697 | Snake:3  | Reached XP level 18. HP: 139/144 MP: 25/25
 24787 | Snake:3  | Found a shadowy altar of Dithmenos.
 25418 | Snake:4  | Entered Level 4 of the Snake Pit
 25437 | Snake:4  | Reached skill level 19 in Axes
 25611 | Snake:4  | Found Kuiqi's Jewellery Boutique.
 25788 | Snake:4  | Reached skill level 5 in Translocations
 26120 | Snake:4  | Reached XP level 19. HP: 153/153 MP: 26/26
 26253 | Snake:4  | Reached skill level 20 in Axes
 26325 | Snake:4  | Got a serpentine rune of Zot
 26384 | Snake:4  | Reached skill level 15 in Fighting
 26981 | Shoals:1 | Entered Level 1 of the Shoals
 27159 | Shoals:1 | Found Palo's Antique Armour Shoppe.
 27298 | Shoals:1 | Found Koblal's General Store.
 27751 | Shoals:2 | Noticed Polyphemus
 27767 | Shoals:2 | Killed Polyphemus
 27774 | Shoals:2 | Found Fitsaice's Jewellery Shoppe.
 28069 | Shoals:2 | Noticed Ilsuiw
 28098 | Shoals:2 | Killed Ilsuiw
 28191 | Shoals:2 | Noticed Frances
 28196 | Shoals:2 | Killed Frances
 28375 | Shoals:3 | Reached skill level 10 in Translocations
 28511 | Shoals:3 | Noticed Bai Suzhen
 28524 | Shoals:3 | Killed Bai Suzhen
 28973 | Shoals:3 | Noticed Donald
 28984 | Shoals:3 | Killed Donald
 29056 | Shoals:4 | Entered Level 4 of the Shoals
 29076 | Shoals:4 | Reached XP level 20. HP: 162/162 MP: 27/27
 29432 | Shoals:4 | Identified the +0 kite shield of the Goldsmith {rPois rC-
                  | Int+4}
 29464 | Shoals:4 | Got a barnacled rune of Zot
 29630 | Shoals:4 | Found Tuaruodgh's CLEARANCE SALE!.
 29645 | Shoals:4 | Bought a potion of might for 20 gold pieces
 29645 | Shoals:4 | Bought a wand of paralysis (2) for 24 gold pieces
 29667 | Shoals:4 | Found Taberale's Magic Scroll Emporium.
 29671 | Shoals:4 | Bought a scroll of brand weapon for 161 gold pieces
 29671 | Shoals:4 | Bought a scroll of enchant weapon for 127 gold pieces
 29736 | Shoals:4 | Identified the +1 sling of Desperation {drain, Int+5 Dex+5}
 30348 | Vaults:1 | Entered Level 1 of the Vaults
 30496 | Vaults:1 | Reached skill level 5 in Spellcasting
 30506 | Vaults:1 | Found a flickering gateway to a bazaar.
 30541 | Bazaar   | Entered a bazaar
 30543 | Bazaar   | Found Xeik's Antique Weapon Boutique.
 30547 | Bazaar   | Found Heugor's Antique Weapon Boutique.
 30547 | Bazaar   | Found Bypauda's Antique Weapon Boutique.
 30547 | Bazaar   | Found Raprenush's Armour Boutique.
 30572 | Bazaar   | Bought a glowing battleaxe for 247 gold pieces
 30577 | Bazaar   | Bought a scarf of resistance for 384 gold pieces
 31011 | Vaults:1 | Reached XP level 21. HP: 169/169 MP: 29/29
 32063 | Vaults:2 | Found a staircase to the Crypt.
 32136 | Vaults:2 | Found Satism's Book Shop.
 33837 | Vaults:4 | Noticed Margery
 33865 | Vaults:4 | Killed Margery
 33866 | Vaults:4 | Reached XP level 22. HP: 178/179 MP: 27/31
 33892 | Vaults:4 | Found Otiken's Armour Boutique.
 34089 | Vaults:4 | Found Luff's Assorted Antiques.
 34614 | Vaults:5 | Entered Level 5 of the Vaults
 34644 | Vaults:5 | Noticed a golden dragon
 34699 | Vaults:4 | Killed a golden dragon
 35155 | Vaults:5 | Reached XP level 23. HP: 188/188 MP: 32/32
 35158 | Vaults:5 | Noticed Boris
 35178 | Vaults:5 | Killed Boris
 35221 | Vaults:5 | Noticed a golden dragon
 35226 | Vaults:5 | Killed a golden dragon
 35328 | Vaults:5 | Reached skill level 15 in Translocations
 35399 | Vaults:5 | Identified the +3 dagger of Jodareg {freeze, Dex+2}
 35477 | Vaults:5 | Found the +6 Majin-Bo {spellvamp, MP+6 Int+6}
 35477 | Vaults:5 | Found the +8 demon trident "Rift" {distort, reach+}
 35644 | Vaults:5 | Got a silver rune of Zot
 35843 | Vaults:5 | Gained mutation: You do not regenerate when monsters are
                  | visible. [a cacodemon]
 35907 | Vaults:5 | Lost mutation: You do not regenerate when monsters are
                  | visible. [potion of mutation]
 35907 | Vaults:5 | Lost mutation: You passively map a small area around you.
                  | [potion of mutation]
 35907 | Vaults:5 | Lost mutation: Your muscles are strong. (Str +4, Int/Dex
                  | -1) [potion of mutation]
 35907 | Vaults:5 | Gained mutation: Your body sometimes deteriorates upon
                  | taking damage. [potion of mutation]
 35907 | Vaults:5 | Gained mutation: You have sharp toenails. [potion of
                  | mutation]
 36629 | Crypt:3  | Identified the of Jofuon
 36629 | Elf:1    | Identified the of Duqem
 36629 | WizLab   | Identified the "Ischurah"
 36629 | Elf:1    | Entered Level 1 of the Elven Halls
 36781 | Elf:1    | Found a magical portal.
 36790 | WizLab   | Entered Alistair's Party Mansion
 37212 | WizLab   | Reached skill level 15 in Armour
 37360 | WizLab   | Acquired 872 gold pieces
 38259 | Desolati | Identified the of Ilihiss
 38259 | Desolati | Identified the of Zuusarys
 38259 | Desolati | Identified the "Uloxaujurch"
 38311 | Elf:2    | Found Xaunoe Hiodgh's Distillery.
 38344 | Elf:2    | Found a crumbling gateway.
 38362 | Desolati | Entered the Desolation of Salt
 38481 | Desolati | Reached XP level 24. HP: 198/199 MP: 32/32
 38537 | Desolati | Identified the +8 spear "Ujya" {heavy, rPois rF- Str+7
                  | SInv}
 38703 | Desolati | Identified the +8 spear of Honour {drain, Fly}
 38704 | Desolati | Identified the amulet of the Scarab {Spirit rPois rC- rN+}
 38857 | Desolati | Identified the ring "Utacrou" {*Slow Str+9 SInv}
 39210 | Elf:2    | Found a radiant altar of Vehumet.
 39287 | Elf:2    | Noticed Asterion
 39303 | Elf:2    | Killed Asterion
 39459 | Elf:2    | Found a runed translucent gate.
 39459 | Elf:2    | Found a runed translucent gate.
 39459 | Elf:2    | Found a runed translucent gate.
 39491 | Elf:2    | Reached skill level 15 in Dodging
 40336 | Depths:1 | Entered Level 1 of the Depths
 40549 | Depths:1 | Found the +8 arc blade {discharge, rElec}
 40929 | Depths:1 | Found a burning altar of Makhleb.
 41023 | Depths:1 | Found a one-way gate to the infinite horrors of the Abyss.
 41299 | Depths:3 | Reached skill level 21 in Axes
 41305 | Depths:3 | Reached XP level 25. HP: 207/207 MP: 32/32
 41404 | Depths:4 | Entered Level 4 of the Depths
 41614 | Depths:4 | Found Dackune's Antique Weapon Shop.
 41614 | Depths:4 | Found Nibol's Magic Scroll Boutique.
 41629 | Depths:4 | Bought a scroll of fog for 88 gold pieces
 41629 | Depths:4 | Bought a scroll of revelation for 165 gold pieces
 41918 | D:10     | Killed DEFE's ghost
 41941 | D:10     | Identified the ring of the Puckish God {Fire rElec Stlth+}
 42471 | Depths:4 | Found a gate to the Realm of Zot.
 42536 | Depths:4 | Reached skill level 22 in Axes
 42947 | Elf:3    | Identified the "Liwke"
 42947 | Elf:3    | Identified the of Bashryfack
 42947 | Elf:3    | Identified the "Yschist"
 42947 | Elf:3    | Identified the of Sekat
 42947 | Zot:1    | Entered Level 1 of the Realm of Zot
 43509 | Zot:2    | Found a transporter.
 43591 | Zot:3    | Reached skill level 23 in Axes
 43654 | Zot:4    | Found a transporter.
 43657 | Zot:4    | Noticed a curse toe
 43739 | Zot:4    | Found a transporter.
 43759 | Zot:5    | Entered Level 5 of the Realm of Zot
 44287 | Zot:5    | Noticed an orb of fire
 44424 | Zot:5    | Noticed an orb of fire
 44425 | Zot:5    | Noticed an orb of fire
 44433 | Zot:5    | Noticed an orb of fire
 44434 | Zot:5    | Gained mutation: You are vulnerable to cold. (rC-) [an orb
                  | of fire]
 44436 | Zot:5    | Killed an orb of fire
 44437 | Zot:5    | Reached XP level 26. HP: 139/215 MP: 29/32
 44437 | Zot:5    | Killed an orb of fire
 44437 | Zot:5    | Noticed a Killer Klown
 44438 | Zot:5    | Reached skill level 24 in Axes
 44440 | Zot:5    | Gained mutation: You have hidden genetic defects. [an orb
                  | of fire]
 44445 | Zot:5    | Noticed an orb of fire
 44446 | Zot:5    | Noticed an orb of fire
 44449 | Zot:5    | Noticed a dread lich
 44459 | Zot:5    | Killed a dread lich
 44493 | Zot:5    | Killed an orb of fire
 44517 | Zot:5    | Killed an orb of fire
 44523 | Zot:5    | Gained mutation: You are clumsy. (Dex -2) [hidden defects]
 44594 | Zot:5    | Killed a Killer Klown
 44595 | Zot:5    | Noticed an orb of fire
 44601 | Zot:5    | Killed an orb of fire
 44761 | Zot:5    | Killed an orb of fire
 44771 | Zot:5    | Noticed a Killer Klown
 44776 | Zot:5    | Killed a Killer Klown
 44913 | Zot:5    | Noticed an orb of fire
 44934 | Zot:5    | Killed an orb of fire
 44987 | Zot:5    | Gained mutation: You are weak. (Str -2) [hidden defects]
 44987 | Zot:5    | Lost mutation: You have hidden genetic defects. [hidden
                  | defects expressed]
 45011 | Zot:5    | Noticed a Killer Klown
 45022 | Zot:5    | Got the Orb of Zot
 45035 | Zot:5    | Killed a Killer Klown
 45466 | D:14     | Noticed Veojid the pandemonium lord
 45478 | D:14     | Killed Veojid the pandemonium lord
 45804 | D:1      | gg
 45805 | D:$      | Escaped with the Orb!

Illustrated notes

##.####......................#...
.#.# #..#######.#######..##.#...
...# #....####...####...........
#### ##.....#..~..#.....#.###...
#8..~....~....~..8#....)..
##...~..~~~..~...##....>..
##.....~~~~~~~.....#.##....
#....~~~~...~~~~.....##....
#..~~~~~..@..~~~~~......... ##
#....~~~~...~~~~........... .#
##.....~~~~~~~.....#....... .#
##...~..~~~..~...##....... .#
#8..~....~....~..8#.###.## .#
##.....#..~..#.....#....... .#
#....####...####....####.##
.######..#######.## ###..##...##
..............#.†### ####..)...


Turn 45804 on D:1: gg

Levels and vault maps discovered:
D:1:      eino_arrival_water_star, layout_basic
D:2:      minmay_door_path, layout_loops_ring, serial_shops, nicolae_shop_stone
D:3:      layout_basic, tgw_kikubaaqudgha, minmay_misc_feat_alley, uniq_robin
D:4:      layout_cave_pools, mainiacjoe_overflow_surrounded_room, serial_glass,
          glass_columns_a, glass_columns_a, uniq_blork_the_orc, uniq_grinder
D:5:      layout_layer_cave, kennysheep_mini, minmay_temple_entry_fiery
D:6:      layout_gridville, dk_rats_in_the_wall
D:7:      layout_cave_pools, enter_ossuary_5, minmay_checkerbox
D:8:      layout_loops_ring, grunt_lair_entry_orc_guard_hut, kennysheep_nub
D:9:      lemuel_ice_spiral_2, layout_irregular_city,
          nicolae_uskayaw_murder_on_the_dancefloor, general_overflow_altar,
          orc_0_dummy, nicolae_shop_vocational
D:10:     layout_grid_maze, jmf_multi_god_temple, gammafunk_ghost_icy
D:11:     layout_cave_pods, minmay_misc_feat_columns, tso_oasis_becter,
          uniq_josephine
D:12:     layout_loops_corners
D:13:     layout_irregular_city, hangedman_feature_mirror
D:14:     layout_loops_ring, grunt_vaults_entry_tiered,
          hellmonk_ghost_happy_afterlife, nicolae_elemental_shop,
          ashenzari_conservatory_becter, uniq_nessos
D:15:     grunt_enter_depths_hoard, layout_rooms,
          amcnicky_mini_rare_corridor_liquid, nicolae_blasting_shop,
          uniq_louise, uniq_roxanne, uniq_agnes
Temple:   hellmonk_temple_divided_pantheon
Lair:1:   layout_concentric_octagons, cheibrodos_lair_lostbears,
          serial_bayou_shore_a, grunt_megastairs_4, lemuel_fruit_fields
Lair:2:   layout_regular_city, ebering_ghost_inner_flame
Lair:3:   layout_loops_ring, minmay_shoals_entry_lonely_mermaid,
          alex1729_snake_entry_snake, gauntlet_entry_generic, dpeg_oklob_1,
          uniq_urug, uniq_rupert
Lair:4:   dragon1_lemuel, layout_long_grid, minmay_slime_entry_oklob_open
Lair:5:   evil_forest, layout_regular_city, pond, grunt_megastairs_1
Shoals:1: layout_shoals, serial_shops, shop_statue, shop
Shoals:2: layout_shoals, serial_shops, nicolae_lakefront_shop, uniq_ilsuiw,
          uniq_polyphemus, uniq_frances
Shoals:3: layout_shoals, uniq_bai_suzhen, uniq_donald
Shoals:4: shoals_end_simple, layout_shoals, serial_shops,
          nicolae_shop_pleasant_corner_grove, nicolae_shop_clearance
Snake:1:  layout_misc_corridors, serial_shops, shop
Snake:2:  layout_honeycomb, st_stairs_13, uniq_vashnia
Snake:3:  layout_misc_corridors, lemuel_oklob_altar, grunt_megastairs_3
Snake:4:  johnstein_snake_rune_scales, layout_layer_cave, st_stairs_10,
          minmay_shop_enchanted_jewellery, nicolae_snake_gridmaze_squiggle,
          nicolae_snake_lava_pool
Orc:1:    layout_diamond_mine, serial_shops, shop
Orc:2:    st_orc_mages, layout_caves, serial_shops,
          nicolae_shop_window_shopping, basic_altar, uniq_erolcha
Elf:1:    eino_elf_arrival_shootout, layout_gridlike, mu_enter_wizlab_4,
          minmay_elf_sorcery
Elf:2:    nicolae_elf_blades_crystal_corner, layout_gridlike, basic_altar,
          portal_desolation_entry_nicolae_nacl, serial_shops,
          nicolae_take_the_stairs, lemuel_upstairs_altar, uniq_asterion
Vaults:1: v_misc_12, vaults_room_grunt_arrival_ludios, ontoclasm_vaults_chip,
          nicolae_vaults_sightless_eye, nicolae_vaults_double_plus_1,
          vaults_mumra_hexcomb, vaults_mumra_lcd, layout_vaults_omnigrid,
          serial_shops, bzr_entry_water
Vaults:2: minmay_crypt_entry_simple_sparse, v_misc_9,
          nicolae_vaults_shipping_containers_1, nicolae_vaults_little_ls,
          ontoclasm_vaults_fault, hangedman_vaults_stretched_pinwheel,
          nicolae_vaults_trapezoid_lopsided_3, nicolae_vaults_network_square,
          layout_vaults_maze_snakey, serial_shops,
          nicolae_shop_tiny_real_fake_doors
Vaults:3: nicolae_vaults_double_plus_2, nicolae_vaults_spaceships,
          nicolae_vaults_trapezoid_lopsided_1, v_misc_33,
          nicolae_vaults_little_guard_posts, nicolae_vaults_mini_display_case,
          nicolae_vaults_trapezoid_4, nicolae_vaults_meiosis,
          nicolae_vaults_little_squares_1, nicolae_vaults_closet_pinwheel_1,
          nicolae_vaults_swerve, vaults_mumra_chevron_long,
          nicolae_vaults_trapezoid_layered, ontoclasm_vaults_pinch,
          nicolae_vaults_variable_pillar_hall, ontoclasm_vaults_loading_screen,
          nicolae_vaults_wine_cellar, nicolae_vaults_house_3,
          ontoclasm_vaults_twist, layout_vaults_ring
Vaults:4: nicolae_vaults_little_squares_6, nicolae_vaults_yaktaur_gun_rack,
          v_alt_pattern_1, nicolae_vaults_sealed_display,
          nicolae_vaults_little_squares_3, nicolae_vaults_security_offices_4,
          hangedman_vaults_locks, v_pattern_1,
          vaults_standard_mumra_enter_the_diamond,
          nicolae_vaults_trapezoid_lopsided_1, grunt_vaults_diagonal,
          layout_vaults_big_room, serial_shops, shop, shop, uniq_margery
Vaults:5: serial_shops, uniq_boris
Depths:1: layout_roguey, abyss_entry_crystal, hell_entry, serial_bayou_pond_e,
          lemuel_statue_altar, minmay_the_grid_2x2
          [minmay_the_grid_zigzag_pyramid, minmay_the_grid_minigrid_small,
          minmay_the_grid_expand, minmay_the_grid_prize_shrinking_boxes]
Depths:2: kennysheep_blocky_room, layout_honeycomb, rand_demon_pan_entry_8,
          nicolae_figureground_pulse, hell_entry
Depths:3: hellmonk_ruined_rings, layout_cave_pools, enter_ziggurat_b,
          gammafunk_ghost_grave, abyss_entry, hangedman_decor_lopped,
          grunt_metal_band
Depths:4: evilmike_zot_entry_argh, layout_basic, minmay_misc_feat_x,
          abyss_entry, hangedman_geh_valley, bh_walls_and_bars, minmay_shoptagon
Zot:1:    layout_gridville, regret_index_zotdec_plus
Zot:2:    gammafunk_its_a_trap, layout_gridville, grunt_ministairs_9
Zot:3:    kennysheep_six_static_rooms, layout_misc_corridors, bh_zot_lava_cross,
          hangedman_elemental_corridor, uniq_vv, uniq_tiamat
Zot:4:    gammafunk_sealed_arena, layout_onion_interference,
          st_small_dragon_hoard_2, hangedman_zot_gyre
Zot:5:    layout_gridlike

Skill      XL: |  1  2  3  4  5  6  7  8  9 10 11 12 13 14 15 16 17 18 19 20 21 22 23 24 25 26 |
---------------+-------------------------------------------------------------------------------+-----
Fighting       | 4 5 9 10 11 12 13 14 15 16 17 18 19 21 | 21.6
Armour         | 1 2 3 4 6 7 9 11 12 14 15 16 | 16.3
Axes           | 4 5 13 14 15 16 17 18 19 20 21 23 24 | 24.0
Shields        | 1 2 3 4 6 8 10 13 15 16 18 19 20 | 20.0
Evocations     | 3 6 |  6.0
Invocations    | 9 10 12 | 12.0
Dodging        | 3 4 7 9 10 11 12 13 14 15 | 15.0
Translocations | 2 5 11 13 14 15 | 15.0
Spellcasting   | 3 4 5 6 |  6.0
Fire Magic     | |  3.0

Action                     |  1- 3 |  4- 6 |  7- 9 | 10-12 | 13-15 | 16-18 | 19-21 | 22-24 | 25-27 || total
---------------------------+-------+-------+-------+-------+-------+-------+-------+-------+-------++-------
  Melee: Hand axe          |   100 |   161 |    48 |       |       |       |       |       |       ||   309
         Punch             |     1 |     3 |       |       |       |       |       |       |       ||     4
         War axe           |       |       |    16 |   444 |       |       |       |       |       ||   460
         Battleaxe         |       |       |       |   211 |   574 |   826 |   974 |  1172 |       ||  3757
         Eveningstar       |       |       |       |       |    14 |       |       |       |       ||    14
         Executioner's axe |       |       |       |       |       |       |       |   134 |   683 ||   817
  Throw: Dart              |       |       |       |     2 |     1 |       |       |       |       ||     3
   Cast: Lesser Beckoning  |       |       |       |       |       |     1 |     1 |     1 |       ||     3
         Manifold Assault  |       |       |       |       |       |       |    23 |    59 |    83 ||   165
 Invoke: Fiery Armour      |     2 |     3 |     1 |     2 |       |       |       |       |       ||     8
         Foxfire Swarm     |       |     1 |       |       |       |       |       |       |       ||     1
         Temporal Distorti |       |       |       |       |     1 |     3 |     1 |       |       ||     5
         Slouch            |       |       |       |       |     2 |     6 |     3 |     2 |       ||    13
         Step From Time    |       |       |       |       |       |     1 |       |       |     1 ||     2
         Bend Time         |       |       |       |       |       |     1 |       |       |       ||     1
  Evoke: Condenser vane    |       |       |       |     1 |     1 |       |       |     1 |       ||     3
         Wand              |       |       |       |       |     4 |     2 |       |     1 |       ||     7
         Box of beasts     |       |       |       |       |     1 |       |       |       |       ||     1
         Phial of floods   |       |       |       |       |       |     1 |       |       |       ||     1
    Use: Potion            |       |       |     8 |     1 |     5 |     1 |       |     5 |    13 ||    33
         Scroll            |       |       |       |    13 |    10 |     2 |     3 |    17 |     7 ||    52
   Stab: Distracted        |       |       |       |       |       |     1 |       |       |     1 ||     2
         Sleeping          |       |       |       |       |       |     1 |       |       |       ||     1
         Petrified         |       |       |       |       |       |       |     5 |       |       ||     5
         Petrifying        |       |       |       |       |       |       |     1 |       |       ||     1
         Confused          |       |       |       |       |       |       |       |       |     2 ||     2
         Invisible         |       |       |       |       |       |       |       |       |     5 ||     5
 Armour: Robe              |    35 |       |       |       |       |       |       |       |       ||    35
         Ring mail         |    30 |   125 |    40 |    25 |       |       |       |       |       ||   220
         Chain mail        |       |       |       |   105 |       |       |       |       |       ||   105
         Ice dragon scales |       |       |       |   295 |   213 |       |       |       |       ||   508
         Plate armour      |       |       |       |       |   216 |       |       |       |       ||   216
         Pearl dragon scal |       |       |       |       |     4 |   547 |   651 |   742 |   297 ||  2241
  Dodge: Dodged            |    57 |    87 |    23 |   265 |   318 |   698 |   610 |   684 |   233 ||  2975
  Block: Kite shield       |       |       |     7 |   266 |   376 |   375 |       |       |       ||  1024
         Tower shield      |       |       |       |       |       |   761 |  1325 |  1441 |   615 ||  4142

Table legend: (Time is in decaauts)
 A = Elapsed time spent in this place.
 B = Non-inter-level travel time spent in this place.
 C = Inter-level travel time spent in this place.
 D = Time resting spent in this place.
 E = Time spent auto-exploring this place.
 F = Levels seen in this place.
 G = Mean time per level.
                   A        B        C        D        E       F      G
               +--------+--------+--------+--------+--------+-----+--------+
         Total |  69383 |  61298 |   8085 |   6195 |  40122 |  52 | 1334.3 |
       Dungeon |  19850 |  16139 |   3711 |   2925 |   9890 |  15 | 1323.3 |
        Temple |     30 |     18 |     12 |      0 |      0 |   1 |   30.0 |
          Lair |   9661 |   8408 |   1253 |   1235 |   5492 |   5 | 1932.2 |
        Shoals |   5813 |   5608 |    205 |     40 |   4326 |   4 | 1453.2 |
     Snake Pit |   7020 |   6687 |    333 |    490 |   4512 |   4 | 1755.0 |
  Orcish Mines |   2310 |   1736 |    574 |    119 |   1194 |   2 | 1155.0 |
   Elven Halls |   3263 |   2983 |    280 |      0 |   2123 |   2 | 1631.5 |
        Vaults |  10092 |   9552 |    540 |    474 |   6938 |   5 | 2018.4 |
        Depths |   4332 |   3513 |    819 |    102 |   2624 |   4 | 1083.0 |
           Zot |   3532 |   3178 |    354 |    420 |   1581 |   5 |  706.4 |
        Bazaar |     87 |     87 |      0 |      0 |      0 |   1 |   87.0 |
       Ossuary |    204 |    204 |      0 |      0 |     79 |   1 |  204.0 |
        Wizlab |   1102 |   1102 |      0 |    254 |    309 |   1 | 1102.0 |
    Desolation |   1346 |   1346 |      0 |      0 |    716 |   1 | 1346.0 |
      Gauntlet |    733 |    733 |      0 |    136 |    336 |   1 |  733.0 |
               +--------+--------+--------+--------+--------+-----+--------+

Top non-repeatable levels by time:
  Lair:3: 2399 daAuts
    D:14: 2290 daAuts
Vaults:1: 2278 daAuts
Vaults:5: 2230 daAuts
  Lair:1: 2183 daAuts
 Snake:4: 2123 daAuts
Vaults:3: 2114 daAuts
Vaults:4: 2112 daAuts
 Snake:2: 2109 daAuts
   Zot:5: 1927 daAuts
    D:12: 1861 daAuts
Shoals:4: 1770 daAuts
  Lair:4: 1765 daAuts
 Snake:3: 1764 daAuts
Depths:4: 1754 daAuts
